 Dungeon Crawl Stone Soup version 0.31-a0-875-g02e7d12df6 (webtiles) character file.

Game seed: 9221350686889735357

230 LeprechaunX the Changeling (level 6, -13/40 HPs)
             Began as an Octopode Shapeshifter on Oct 12, 2023.
             Killed from afar by an oklob sapling (23 damage)
             ... with a splash of acid
             ... on level 4 of the Dungeon.
             The game lasted 00:03:25 (2835 turns).

LeprechaunX the Changeling (Octopode Shapeshifter)  Turns: 2835, Time: 00:03:26

Health: -13/40     AC:  5    Str: 15    XL:     6   Next: 3%
Magic:  6/6        EV: 13    Int: 12    God:
Gold:   88         SH:  0    Dex: 12    Spells: 5/5 levels left

rFire   . .          .
                       - Unarmed
rCold   . . .        (no shield)
rNeg    . . .        (helmet currently unavailable)
rPois   .            (no amulet)
rElec   .            j - +4 ring of protection
rCorr   .            (no ring)
SInv    .            (no ring)
Will    .....        (no ring)
Stlth   ++           (no ring)
HPRegen 0.26/turn    (no ring)
MPRegen 0.10/turn    (no ring)
                     (no ring)

%: no passive effects
@: beast-form
A: beast (slay +2), almost no armour, amphibious, 8 rings, camouflage 1,
gelatinous body 1, (nimble swimmer 1), tentacles
a: Begin Untransformation


You were on level 4 of the Dungeon.
You were a hulking beast.
You visited 1 branch of the dungeon, and saw 4 of its levels.

You collected 88 gold pieces.

Inventory:

Hand Weapons
 a - a +0 sling
Jewellery
 j - a +4 ring of protection (left tentacle)
Talismans
 b - a beast talisman (active)
 c - a flux talisman
Wands
 o - a wand of iceblast (8)
Scrolls
 d - 2 scrolls of immolation {unknown}
 e - a scroll of amnesia {unknown}
 g - a scroll of blinking {unknown}
 h - 3 scrolls of enchant weapon {unknown}
 k - a scroll of torment {unknown}
 l - 2 scrolls of fog {unknown}
 m - 3 scrolls of teleportation {unknown}
 n - a scroll of noise {unknown}
Potions
 f - a potion of lignification
 i - a potion of mutation {unknown}
 p - a potion of heal wounds {unknown}
 q - a potion of enlightenment {unknown}


   Skills:
 + Level 2.3 Fighting
 + Level 1.7 Ranged Weapons
 + Level 3.1 Dodging
 + Level 3.8 Unarmed Combat
 * Level 4.3 Shapeshifting


You had 5 spell levels left.
You didn't know any spells.
Your spell library contained the following spells:

 Spells                   Type           Power      Damage    Failure   Level
 Kiss of Death            Conj/Necr      0%         2d5       32%         1
 Necrotise                Necr           0%         1d4       32%         1
 Ensorcelled Hibernation  Hex/Ice        0%         N/A       45%         2
 Passwall                 Tmut/Erth      0%         N/A       45%         2
 Confusing Touch          Hex            0%         N/A       69%         3
 Swiftness                Air            0%         N/A       69%         3
 Vampiric Draining        Necr           0%         2d6       69%         3
 Dispel Undead            Necr           0%         3d6       97%         4
 Agony                    Necr           0%         N/A       100%        5
 Summon Forest            Summ/Tloc      0%         N/A       100%        5
 Conjure Ball Lightning   Conj/Air       0%         3x3d6     100%        6
 Eringya's Noxious Bog    Tmut/Pois      0%         4d6       100%        6
 Summon Hydra             Summ           0%         N/A       100%        7
 Discord                  Hex            0%         N/A       100%        8
 Disjunction              Tloc           0%         N/A       100%        8


Dungeon Overview and Level Annotations

Branches:
Dungeon (4/15)             Temple (0/1) D:4

Altars:
Vehumet

Annotations:
D:3 exclusion: statue
D:4 exclusion: oklob sapling


Innate Abilities, Weirdness & Mutations

You are a hulking beast.
Your limbs bulge with bestial killing power. (Slay +2)
You cannot wear most types of armour.
You are amphibious.
You can wear up to eight rings at the same time.
Your skin changes colour to match your surroundings (Stealth+).
Your rubbery body absorbs attacks. (AC +1, EV +1)
((You are camouflaged when in or above water. (Stealth+)))
You have tentacles for arms and can constrict up to eight enemies at once.


Message History

There is a stone staircase leading up here.
You tentacle-slap the plant.
The plant begins to die.
You grab the plant.
The plant is lightly damaged.
You constrict the plant. You tentacle-slap the plant.
The plant is lightly damaged.
You constrict the plant. You bludgeon the plant! You squeeze the plant!
The plant is lightly damaged.
You constrict the plant. You bludgeon the plant!
The plant is lightly damaged.
You constrict the plant. You tentacle-slap the plant. You squeeze the plant.
The plant is moderately damaged.
You constrict the plant.
A nearby plant withers and dies.
You lose your grip on the plant.
The oklob sapling spits acid at you. The splash of acid hits you!
You completely miss the oklob sapling. You grab the oklob sapling.
You constrict the oklob sapling, but do no damage.
You tentacle-slap the oklob sapling.
The oklob sapling is lightly damaged.
You constrict the oklob sapling. You tentacle-slap the oklob sapling.
The oklob sapling is moderately damaged.
You constrict the oklob sapling, but do no damage.
The oklob sapling spits acid at you. The splash of acid hits you!
* * * LOW HITPOINT WARNING * * *
You tentacle-slap the oklob sapling.
The oklob sapling is heavily damaged.
You constrict the oklob sapling, but do no damage.
You tentacle-slap the oklob sapling.
The oklob sapling is severely damaged.
You constrict the oklob sapling, but do no damage.
The oklob sapling spits acid at you. The splash of acid hits you!!
Ouch! That really hurt!
You die...

...##.# .......
#......####
........#.## #
.#....<#..# .##
....(..?...#...#
.........P....##
#.##.P.P.P.P...#
......PPhPP....#
.....P.>PPP####
.....PP.PPPP#
.###..PPP.P.#
##P..PP..#
#.......#
...###### ..##


You could see an oklob sapling.

Vanquished Creatures
  An orc priest (D:3)
  2 orc wizards (D:3)
  4 gnolls (D:2)
  3 adders
  2 worms
  2 dart slugs
  9 orcs (D:3)
  6 ball pythons
  5 bats
  4 endoplasms (D:3)
  3 giant cockroaches
  6 goblins
  5 hobgoblins
  A jackal (D:2)
  3 kobolds
  2 quokkas (D:1)
  3 frilled lizards
  5 rats
66 creatures vanquished.

Notes
Turn   | Place    | Note
-------+----------+-------------------------------------------
     0 | D:1      | LeprechaunX the Octopode Shapeshifter began the quest for
                  | the Orb.
     0 | D:1      | Reached XP level 1. HP: 13/13 MP: 1/1
    24 | D:1      | Reached XP level 2. HP: 9/18 MP: 2/2
   800 | D:2      | Reached XP level 3. HP: 23/23 MP: 3/3
  1321 | D:2      | Reached XP level 4. HP: 28/28 MP: 4/4
  1325 | D:2      | Reached skill level 1 in Ranged Weapons
  2042 | D:3      | Reached skill level 4 in Shapeshifting
  2042 | D:3      | Reached XP level 5. HP: 26/34 MP: 5/5
  2556 | D:3      | Reached XP level 6. HP: 40/40 MP: 6/6
  2727 | D:3      | Found a radiant altar of Vehumet.
  2821 | D:4      | Found a staircase to the Ecumenical Temple.
  2835 | D:4      | Killed from afar by an oklob sapling

Illustrated notes

Levels and vault maps discovered:
D:1:      lightli_arrival_chessboard, layout_basic
D:2:      minmay_wonky_spiral, layout_basic
D:3:      layout_basic, vehumet_statue, minmay_shallow_snake_nest
D:4:      layout_cave_pools, minmay_temple_entry_oklob,
          cheibrodos_sewer_entry_sluice, uniq_ijyb

Skill      XL: |  1  2  3  4  5 |
---------------+----------------+-----
Ranged Weapons | 1 |  1.7
Fighting       | 2 |  2.3
Shapeshifting  | 4 |  4.3
Dodging        | 3 |  3.1
Unarmed Combat | |  3.8

Action                     |  1- 3 |  4- 6 || total
---------------------------+-------+-------++-------
  Melee: Unarmed           |    57 |    90 ||   147
         Constrict         |    13 |    26 ||    39
         Tentacles         |     7 |    19 ||    26
         Punch             |       |     1 ||     1
   Fire: Sling             |     4 |     2 ||     6
   Stab: Sleeping          |     6 |     6 ||    12
 Armour: Skin              |    16 |    41 ||    57
  Dodge: Dodged            |    26 |    41 ||    67

Table legend: (Time is in decaauts)
 A = Elapsed time spent in this place.
 B = Non-inter-level travel time spent in this place.
 C = Inter-level travel time spent in this place.
 D = Time resting spent in this place.
 E = Time spent auto-exploring this place.
 F = Levels seen in this place.
 G = Mean time per level.
                   A        B        C        D        E       F      G
               +--------+--------+--------+--------+--------+-----+--------+
         Total |   2826 |   2680 |    146 |    186 |   2039 |   4 |  706.5 |
       Dungeon |   2826 |   2680 |    146 |    186 |   2039 |   4 |  706.5 |
               +--------+--------+--------+--------+--------+-----+--------+

Top non-repeatable levels by time:
     D:2: 1046 daAuts
     D:3: 995 daAuts
     D:1: 771 daAuts
     D:4: 13 daAuts
